 Dungeon Crawl Stone Soup version 0.26-a0-466-g989023bd0d (webtiles) character file.

Game seed: 16388879130498768229

51944 Lanoc the Impaler (level 14, -1/113 HPs)
             Began as a Merfolk Abyssal Knight on Aug 14, 2020.
             Was the Champion of Lugonu.
             Shot with an arrow by a centaur warrior (11 damage)
             ... on level 15 of the Dungeon.
             The game lasted 00:50:01 (24091 turns).

Lanoc the Impaler (Merfolk Abyssal Knight)         Turns: 24091, Time: 00:50:02

Health: -1/113     AC: 16    Str: 17    XL:     14   Next: 61%
Magic:  21/22      EV: 25    Int: 11    God:    Lugonu [******]
Gold:   1146       SH:  0    Dex: 24    Spells: 13/13 levels left

rFire    . . .     SeeInvis +   r - +7 bardiche (venom)
rCold    + + .     Faith    +   (shield currently unavailable)
rNeg     . . .     Spirit   .   U - +5 robe of Night {Dark MR+ SInv}
rPois    +         Reflect  .   E - +1 hat
rElec    .         Harm     .   P - +1 cloak
rCorr    .                      A - +0 pair of gloves
MR       ++...                  T - +2 pair of boots {Stlth+}
Stlth    +++.......             C - amulet of faith
HPRegen  0.28/turn              R - ring "Zuewkiw" {rC+ Dex+6}
MPRegen  0.18/turn              h - ring of the Salmon {+Fly rC+ Str+4}

@: studying Armour
A: change form in water, swift swim, stealthy swim, horns 1, poison resistance,
wild magic 1
a: Depart the Abyss, Bend Space, Banish, Corrupt, Enter the Abyss, Brand Weapon
With Distortion, Renounce Religion, Evoke Flight


You were on level 15 of the Dungeon.
You worshipped Lugonu.
Lugonu was exalted by your worship.
You visited 3 branches of the dungeon, and saw 17 of its levels.
You visited the Abyss 1 time.
You also visited: Sewer, Bailey, Gauntlet and Ice Cave.

You collected 1146 gold pieces.

Inventory:

Hand Weapons
 r - a +7 bardiche of venom (weapon)
 s - a +3 trident
Missiles
 w - 31 javelins (quivered)
 S - a silver javelin
Armour
 u - the +5 robe of the Heavens {Dex+4 SInv Stlth+}
   (You found it on level 5 of the Dungeon)

   It affects your dexterity (+4).
   It lets you see invisible.
   It makes you more stealthy.
 A - a +0 pair of gloves (worn)
 E - a +1 hat (worn)
 O - a +2 buckler
 P - a +1 cloak (worn)
 T - a +2 pair of boots of stealth (worn)
 U - the +5 robe of Night (worn) {Dark MR+ SInv}
   (You found it on level 14 of the Dungeon)

   It affects your resistance to hostile enchantments.
   It lets you see invisible.
Jewellery
 d - an uncursed ring of see invisible
 h - the ring of the Salmon (right hand) {+Fly rC+ Str+4}
   (You found it in a Gauntlet)

   [ring of flight]

   It affects your strength (+4).
   It protects you from cold.
   It lets you fly.
 C - an amulet of faith (around neck)
 G - a cursed amulet of inaccuracy {unknown}
 H - the amulet "Akka" {RegenMP rElec Str+7 Int-3 Dex+2}
   (You took it off a minotaur in a Gauntlet)

   [amulet of magic regeneration]

   It increases your magic regeneration.
   It affects your strength (+7).
   It affects your intelligence (-3).
   It affects your dexterity (+2).
   It insulates you from electricity.
 Q - the ring "Hom Qizi" {Wiz Str-3 Int+8 SInv}
   (You found it in an ice cave)

   [ring of wizardry]

   It improves your spell success rate.
   It affects your strength (-3).
   It affects your intelligence (+8).
   It lets you see invisible.
 R - the ring "Zuewkiw" (left hand) {rC+ Dex+6}
   (You found it in an ice cave)

   [ring of protection from cold]

   It affects your dexterity (+6).
   It protects you from cold.
Wands
 c - a wand of random effects (18)
 l - a wand of disintegration (51)
 o - a wand of flame (53)
 z - a wand of enslavement (19)
 B - a wand of digging (7)
 J - a wand of polymorph (8)
 L - a wand of paralysis (9)
Scrolls
 b - a scroll of immolation
 e - 8 scrolls of identify
 f - 3 scrolls of blinking
 m - 8 scrolls of remove curse
 n - a scroll of enchant armour {unknown}
 q - a scroll of noise {unknown}
 t - a scroll of acquirement {unknown}
 v - 2 scrolls of fear {unknown}
 x - 2 scrolls of enchant weapon {unknown}
 F - 5 scrolls of amnesia
 K - 2 scrolls of fog
 W - a scroll of summoning {unknown}
Potions
 g - 2 potions of brilliance
 i - 2 potions of resistance
 j - a potion of might
 k - 3 potions of mutation
 D - a potion of berserk rage
 I - 3 potions of lignification
 M - 2 potions of flight
 N - 4 potions of curing
 V - a potion of heal wounds
Books
 a - a manual of Armour
Miscellaneous
 p - a phantom mirror
 y - a phial of floods (inert)


   Skills:
 + Level 11.5 Fighting
 * Level 19.0 Polearms
 + Level 10.3 Armour
 + Level 13.0 Dodging
 - Level 5.0 Shields
 + Level 11.2 Invocations


You had 13 spell levels left.
You didn't know any spells.
Your spell library contained the following spells:

 Spells                   Type           Power        Failure   Level
 Animate Skeleton         Necr           #.....       43%         1
 Apportation              Tloc           #.....       43%         1
 Beastly Appendage        Tmut           #.....       43%         1
 Corona                   Hex            #......      43%         1
 Foxfire                  Conj/Fire      #...         43%         1
 Magic Dart               Conj           #...         43%         1
 Shock                    Conj/Air       #...         43%         1
 Summon Small Mammal      Summ           #...         43%         1
 Blink                    Tloc           N/A          56%         2
 Searing Ray              Conj           #.....       56%         2
 Swiftness                Air            #.......     56%         2
 Wereblood                Tmut           #.......     56%         2
 Conjure Flame            Conj/Fire      #.......     78%         3
 Dazzling Flash           Conj/Hex       #.....       78%         3
 Gell's Gravitas          Tloc           #.........   78%         3
 Inner Flame              Hex/Fire       #.......     78%         3
 Lesser Beckoning         Tloc           #.........   78%         3
 Spider Form              Tmut/Pois      #.........   78%         3
 Static Discharge         Conj/Air       #.......     78%         3
 Teleport Other           Tloc           #.......     78%         3
 Airstrike                Air            #.........   99%         4
 Fulminant Prism          Conj/Hex       #.........   99%         4
 Ice Form                 Ice/Tmut       #.......     99%         4
 Iskenderun's Mystic Bla  Conj/Tloc      #.......     99%         4
 Passage of Golubria      Tloc           N/A          99%         4
 Sticky Flame             Conj/Fire      #.......     99%         4
 Blade Hands              Tmut           #.........   100%        5
 Fireball                 Conj/Fire      #.........   100%        5
 Lightning Bolt           Conj/Air       #.........   100%        5


Dungeon Overview and Level Annotations

Branches:
Dungeon (15/15)            Temple (1/1) D:5            Lair (0/6) D:9
    Orc (1/2) D:10         Vaults (0/5) D:13          Sewer (visited)
 Bailey (visited)           IceCv (visited)         Gauntlet (visited)
 Depths: D:15

Altars:
Ashenzari
Cheibriados
Dithmenos
Elyvilon
Gozag
Kikubaaqudgha
Sif Muna
Uskayaw
Wu Jian
Xom
Yredelemnul

Shops:
D:4 [   D:6 =   D:7 (((}   D:9 *   D:11 (   D:14 (?(

Annotations:
D:13 corrupted
D:14 corrupted
D:15 corrupted


Innate Abilities, Weirdness & Mutations

You revert to your normal form in water.
You are very nimble and swift while swimming.
You are very stealthy in the water. (Stealth+)
You have a pair of small horns on your head.
Your system is resistant to poisons. (rPois)
Your spells are a little harder to cast, but a little more powerful.


Message History

Lugonu accepts your kill.
Your Polearms skill increases to level 19!
You hit the ettin.
You headbutt the ettin, but do no damage.
The ettin is lightly wounded.
The ettin hits you with a +0 dire flail!!!
The ettin completely misses you.
You are too injured to fight recklessly!
You slash the ettin!
The ettin looks as sick as possible!
You headbutt the ettin.
The ettin is lightly wounded.
The ettin hits you with a +0 dire flail!!
* * * LOW HITPOINT WARNING * * *
The ettin barely misses you.
You hear a shout!
Space bends sharply around you!
The ettin blinks!
You blink.
A centaur warrior comes into view.
The centaur warrior wields a +0 shortbow.
The centaur warrior shoots an arrow.
The arrow hits you!
You die...

#.#####........###..#.#.#.
.......#.##....##......#.
..#...#.##........#.#...
####?#..[..##...##.........
.....#..§...+...+..........
#c#O#C.#+............##
#...#...........#.#.#.#...
.....#.....................
.#..⌠#..#.@......#.#.#.#...
#.####..#..................
.#......#........#.#.#.#...
.#....#..................
#...######'##.#.#.#.#...
#.... #.#............ #.#.
#...........###
#...........# #
#...........###


You could see an ettin (very poisoned), a centaur warrior and a two-headed ogre.

Vanquished Creatures
  A frost giant (IceCv)
  A minotaur (Gauntlet)
  An ettin (shapeshifter) (D:12)
  Josephine (D:14)
  A fire dragon (D:9)
  4 hydras
  A death knight (D:15)
  A queen ant (D:14)
  6 two-headed ogres
  2 centaur warriors
  2 tengu warriors (D:15)
  A fire crab (shapeshifter) (D:12)
  A skeletal warrior (D:15)
  3 unseen horrors
  A deep troll (D:15)
  A phantasmal warrior (D:15)
  Pikel (D:6)
  4 ugly things (D:12)
  3 manticores
  3 cyclopes
  2 deep elf magi (D:14)
  An ice statue (IceCv)
  2 gargoyles
  2 rime drakes (IceCv)
  2 kobold demonologists (D:14)
  2 efreet (D:14)
  2 freezing wraiths (D:15)
  2 tengu conjurers (D:15)
  13 polar bears (IceCv)
  2 trolls
  3 meliai (D:14)
  10 slime creatures
  Sigmund (D:4)
  4 hippogriffs
  8 shadows (Gauntlet)
  4 wyverns
  30 yaks
  A vampire (D:14)
  6 wraiths
  A basilisk (D:14)
  A steam dragon (D:13)
  3 vampire mosquitoes
  A soldier ant (D:13)
  3 sky beasts
  17 orc warriors
  3 ice beasts
  A hornet zombie (D:10)
  3 black bears
  5 phantoms
  8 ogres
  2 necrophages (D:10)
  16 wolves (IceCv)
  14 centaurs
  A lemure (D:6)
  A crocodile (D:11)
  2 big kobolds
  13 bullfrogs
  A wyvern skeleton (D:14)
  3 scorpions
  4 killer bees (D:12)
  An electric eel (D:9)
  4 wights
  A howler monkey (D:4)
  4 centaur zombies
  2 bullfrog zombies
  A quasit (D:6)
  5 orc priests
  2 jellies (D:11)
  4 hounds
  4 centaur skeletons
  5 orc wizards
  Terence (D:3)
  2 bullfrog skeletons (D:7)
  3 iguanas
  Ijyb (D:3)
  8 worker ants
  A hound skeleton (D:11)
  A howler monkey zombie (D:7)
  2 worker ant zombies
  Robin (D:3)
  19 adders
  5 white imps
  2 ufetubi
  2 oozes (Sewer)
  2 adder zombies
  An adder skeleton (D:4)
  2 worms
  2 dart slugs
  21 leopard geckos
  71 orcs
  11 ball pythons
  10 giant cockroaches
  15 goblins
  6 hobgoblins
  10 jackals
  2 quokkas
  13 frilled lizards
  17 kobolds
  3 rats
506 creatures vanquished.

Vanquished Creatures (others)
  The ghost of Toruezin the Grappler, a journeyman TrTm of Cheibriados (D:14)
  3 hydras
  A centaur warrior (D:13)
  A tengu warrior (D:15)
  2 two-headed ogres (D:13)
  A spectral yaktaur (D:14)
  2 spectral spriggans (D:14)
  A cyclops (D:15)
  A centaur zombie (D:13)
  2 yaktaur zombies (D:14)
  2 spriggan zombies (D:14)
  A centaur skeleton (D:15)
  2 kobold demonologists (D:13)
  A spark wasp simulacrum (D:14)
  A troll (D:13)
  A hornet (D:15)
  A wolf spider simulacrum (D:15)
  A fire dragon zombie (D:14)
  6 yaks (D:13)
  An acid dragon (D:13)
  An orc warrior (D:13)
  2 phantoms (D:13)
  3 big kobolds (D:13)
  A bullfrog (D:13)
  A bullfrog skeleton (D:12)
  A hound (D:13)
  An orc priest (D:13)
  A worker ant (D:13)
  A giant cockroach (D:3)
  4 kobolds (D:13)
  2 demonic plants (Gauntlet)
  A plant (D:9)
  2 starspawn tentacles (D:13)
53 creatures vanquished.

Grand Total: 559 creatures vanquished

Notes
Turn   | Place    | Note
-------+----------+-------------------------------------------
     0 | Abyss:1  | Lanoc the Merfolk Abyssal Knight began the quest for the
                  | Orb.
     0 | Abyss:1  | Reached XP level 1. HP: 18/18 MP: 2/2
    15 | D:1      | Escaped the Abyss
   150 | D:2      | Reached XP level 2. HP: 14/24 MP: 3/3
   416 | D:2      | Reached skill level 1 in Armour
   416 | D:2      | Reached XP level 3. HP: 8/29 MP: 4/4
   835 | D:3      | Reached skill level 4 in Polearms
  1057 | D:3      | Noticed Terence
  1081 | D:3      | Killed Terence
  1081 | D:3      | Reached XP level 4. HP: 6/37 MP: 5/5
  1447 | D:3      | Noticed Ijyb
  1494 | D:3      | Killed Ijyb
  1556 | D:3      | Noticed Robin
  1578 | D:3      | Killed Robin
  1578 | D:3      | Reached XP level 5. HP: 32/42 MP: 7/7
  1582 | D:3      | Reached ** piety under Lugonu
  1593 | D:3      | Reached skill level 5 in Polearms
  1920 | D:3      | Found a shadowy altar of Dithmenos.
  1952 | D:3      | Reached skill level 1 in Shields
  2458 | D:3      | Found a faded altar of an unknown god.
  2690 | D:4      | Noticed a sky beast
  2720 | D:4      | Killed a sky beast
  2720 | D:4      | Reached XP level 6. HP: 48/48 MP: 8/8
  2742 | D:4      | Noticed Sigmund
  2780 | D:4      | Gained mutation: Your spells are a little harder to cast,
                  | but a little more powerful. [potion of mutation]
  2780 | D:4      | Gained mutation: You have a pair of small horns on your
                  | head. [potion of mutation]
  2780 | D:4      | Gained mutation: Your system is resistant to poisons.
                  | (rPois) [potion of mutation]
  2795 | D:4      | Killed Sigmund
  2795 | D:4      | Reached skill level 6 in Polearms
  2795 | D:4      | Reached XP level 7. HP: 19/55 MP: 9/9
  3618 | D:4      | Found Luiptuse's Antique Armour Boutique.
  3656 | D:4      | Reached skill level 7 in Polearms
  3725 | D:4      | Got a buzzing leather armour
  3736 | D:4      | Identified the +4 leather armour "Hiubaell" {rElec rCorr
                  | MP-9 Stlth+} (You found it on level 4 of the Dungeon)
  3868 | D:5      | Entered Level 5 of the Dungeon
  3886 | D:5      | Found a staircase to the Ecumenical Temple.
  3917 | Temple   | Entered the Ecumenical Temple
  4327 | D:5      | Got a shadowed robe
  4338 | D:5      | Identified the +5 robe of the Heavens {Dex+4 SInv Stlth+}
                  | (You found it on level 5 of the Dungeon)
  4541 | D:5      | Reached skill level 5 in Dodging
  4541 | D:5      | Reached XP level 8. HP: 20/61 MP: 9/11
  5005 | D:6      | Found an ornate altar of the Wu Jian Council.
  5079 | D:6      | Found Liwarpha's Jewellery Emporium.
  5132 | D:6      | Found a glowing drain.
  5142 | D:6      | Reached skill level 5 in Fighting
  5157 | Sewer    | Entered a sewer
  5190 | Sewer    | Reached *** piety under Lugonu
  5353 | Sewer    | Reached skill level 8 in Polearms
  5447 | Sewer    | Reached **** piety under Lugonu
  5646 | D:6      | Found a snail-covered altar of Cheibriados.
  5788 | D:6      | Noticed Pikel
  5815 | D:6      | Killed Pikel
  5815 | D:6      | Reached skill level 9 in Polearms
  5815 | D:6      | Reached XP level 9. HP: 33/68 MP: 12/12
  6092 | D:6      | Reached skill level 5 in Invocations
  6560 | D:7      | Reached skill level 10 in Polearms
  6572 | D:7      | Found Behexely's Antique Weapon Emporium.
  6649 | D:7      | Found a flagged portal.
  6678 | Bailey   | Entered a bailey
  8298 | Bailey   | Reached XP level 10. HP: 57/77 MP: 14/14
  8374 | Bailey   | Reached skill level 11 in Polearms
  8909 | Bailey   | Reached skill level 5 in Shields
  9176 | Bailey   | HP: 1/77 [centaur/+0 halberd (9)]
  9583 | Bailey   | Reached ***** piety under Lugonu
  9900 | D:7      | Found Talim's Weapon Shop.
  9903 | D:7      | Found Hidiq's Gadget Boutique.
 10017 | D:7      | Found Urgheiq's Weapon Shoppe.
 10098 | D:7      | Found a shimmering blue altar of Sif Muna.
 10134 | D:7      | Identified Sif Muna's Almanac of Dark Rites
 10575 | D:8      | Noticed a two-headed ogre
 10579 | D:8      | Killed a two-headed ogre
 10579 | D:8      | Reached skill level 12 in Polearms
 10579 | D:8      | Reached skill level 5 in Armour
 10901 | D:9      | Found Fookhluar's Mayhem Merchandise.
 10983 | D:9      | Reached XP level 11. HP: 69/84 MP: 16/16
 11101 | D:9      | Reached skill level 13 in Polearms
 11649 | D:9      | Noticed a two-headed ogre
 11659 | D:9      | Killed a two-headed ogre
 11906 | D:9      | Found a staircase to the Lair.
 12038 | D:9      | Noticed a fire dragon
 12060 | D:9      | Killed a fire dragon
 12367 | D:10     | Entered Level 10 of the Dungeon
 12367 | D:10     | Noticed a two-headed ogre
 12373 | D:10     | Killed a two-headed ogre
 12552 | D:10     | Found a staircase to the Orcish Mines.
 12556 | D:10     | Found an ancient bone altar of Kikubaaqudgha.
 12825 | D:10     | Noticed a two-headed ogre
 12832 | D:10     | Killed a two-headed ogre
 12832 | D:10     | Reached skill level 14 in Polearms
 13056 | D:10     | Noticed a two-headed ogre
 13067 | D:10     | Killed a two-headed ogre
 13386 | D:10     | Noticed an unseen horror
 13396 | D:10     | Killed an unseen horror
 13472 | D:10     | Reached ****** piety under Lugonu
 13472 | D:10     | Reached skill level 10 in Dodging
 13476 | D:10     | Reached XP level 12. HP: 62/94 MP: 18/18
 13934 | D:10     | Found an opulent altar of Gozag.
 13999 | Orc:1    | Entered Level 1 of the Orcish Mines
 14176 | D:11     | Found a shimmering altar of Xom.
 14213 | D:11     | Found a shattered altar of Ashenzari.
 14267 | D:11     | Noticed a four-headed hydra
 14300 | D:11     | Found a frozen archway.
 14312 | IceCv    | Entered an ice cave
 14510 | IceCv    | Reached skill level 15 in Polearms
 15756 | IceCv    | Reached skill level 16 in Polearms
 15915 | IceCv    | Noticed a frost giant
 16237 | IceCv    | Killed a frost giant
 16237 | IceCv    | Reached skill level 10 in Fighting
 16237 | IceCv    | Reached XP level 13. HP: 86/103 MP: 20/20
 16241 | IceCv    | Got a clouded platinum ring
 16245 | IceCv    | Got a scorched bronze ring
 16488 | IceCv    | Identified the ring "Hom Qizi" {Wiz Str-3 Int+8 SInv} (You
                  | found it in an ice cave)
 16490 | IceCv    | Identified the ring "Zuewkiw" {rC+ Dex+6} (You found it in
                  | an ice cave)
 16800 | D:11     | Found Xyvur's Weapon Boutique.
 17289 | D:12     | Found a hide-covered altar of Uskayaw.
 17689 | D:12     | Reached skill level 10 in Invocations
 17739 | D:12     | Reached skill level 17 in Polearms
 18380 | D:12     | Noticed an ettin
 18403 | D:12     | Killed an ettin
 19311 | D:13     | Found a gate to the Vaults.
 19311 | D:13     | Noticed a vault guard
 19311 | D:13     | Noticed a vault guard
 19311 | D:13     | Noticed a vault guard
 19311 | D:13     | Noticed a vault guard
 19330 | D:13     | Found a gate leading to a gauntlet.
 19339 | Gauntlet | Entered a Gauntlet
 19339 | Gauntlet | Found a transporter.
 19339 | Gauntlet | Found a transporter.
 19339 | Gauntlet | Found a transporter.
 19339 | Gauntlet | Found a transporter.
 19717 | Gauntlet | Found a transporter.
 19727 | Gauntlet | Found a transporter.
 19748 | Gauntlet | Found a transporter.
 19754 | Gauntlet | Found a transporter.
 19762 | Gauntlet | Found a transporter.
 19780 | Gauntlet | Found a transporter.
 19788 | Gauntlet | Found a transporter.
 19805 | Gauntlet | Found a transporter.
 19903 | Gauntlet | Got an ancient golden ring
 19907 | Gauntlet | Identified the ring of the Salmon {+Fly rC+ Str+4} (You
                  | found it in a Gauntlet)
 19958 | Gauntlet | Identified the +5 hand crossbow "Zokky" {flame, rPois rC+
                  | Dex+2}
 19958 | Gauntlet | Identified the cursed +1 swamp dragon scales of the Slorg
                  | {rPois Str+2}
 19958 | Gauntlet | Identified the amulet "Akka" {RegenMP rElec Str+7 Int-3
                  | Dex+2}
 19958 | Gauntlet | Noticed a minotaur
 19981 | Gauntlet | Killed a minotaur
 20266 | D:13     | Corrupted D:13
 20266 | D:13     | Noticed a starcursed mass
 20266 | D:13     | Noticed a starcursed mass
 20266 | D:13     | Noticed a tentacled starspawn
 20266 | D:13     | Noticed a bone dragon
 20274 | D:13     | Noticed a green death
 20316 | D:13     | Noticed a deep elf sorcerer
 20339 | D:13     | Noticed a lich
 20436 | D:13     | Noticed a tengu reaver
 20792 | D:14     | Reached skill level 18 in Polearms
 20792 | D:14     | Reached XP level 14. HP: 96/111 MP: 21/21
 21093 | D:14     | Found Vurr's Weapon Shoppe.
 21156 | D:14     | Found Beqaekk's Magic Scroll Shoppe.
 21165 | D:14     | Found Muehok's Antique Weapon Shoppe.
 21542 | D:14     | Noticed Josephine
 21543 | D:14     | Found a runed translucent gate.
 21543 | D:14     | Found a runed translucent gate.
 21545 | D:14     | Killed Josephine
 21545 | D:14     | Reached skill level 10 in Armour
 21620 | D:14     | Found a runed translucent gate.
 21634 | D:14     | Noticed Toruezin's ghost (journeyman TrTm)
 21669 | D:14     | Found the +5 robe of Night {Dark MR+ SInv}
 22244 | D:15     | Entered Level 15 of the Dungeon
 22400 | D:15     | Corrupted D:15
 22400 | D:15     | Noticed a tentacled starspawn
 23330 | D:14     | Corrupted D:14
 23330 | D:14     | Noticed a starcursed mass
 23341 | D:14     | Killed Toruezin's ghost
 23359 | D:14     | Noticed a starcursed mass
 23361 | D:14     | Noticed a red very ugly thing
 24084 | D:15     | Reached skill level 19 in Polearms
 24091 | D:15     | Shot with an arrow by a centaur warrior

Illustrated notes

Levels and vault maps discovered:
D:1:      matt_arrival_diagonals, layout_basic, amethyst_killhole
D:2:      cheibrodos_helix_gallery, layout_loops_corners,
          nemelex_lonely_heart_becter
D:3:      layout_basic, chequers_ecumenical_altar_simple,
          nicolae_dithmenos_shadow_blocks, uniq_terence, uniq_robin, uniq_ijyb
D:4:      layout_basic, serial_shops, nicolae_shop_stone, minivault_19,
          minmay_diced_spiral, uniq_sigmund
D:5:      layout_basic, minmay_temple_entry_statues, grunt_ministairs_4
D:6:      layout_loops_ring, lemuel_crystal_altar, serial_shops, shop_fountains,
          portal_sewer_entry_b, basic_altar, uniq_pikel
D:7:      layout_loops_cross, enter_bailey_3, serial_shops,
          nicolae_shop_waterfront, shop, shop_fountains, nicolae_shop_stone,
          led_sif_book
D:8:      layout_basic
D:9:      layout_long_grid, minmay_lair_entry_lava, chequers_arboretum,
          serial_bayou_pond_a, minmay_misc_feat_doors, minmay_shop_mayhem,
          serial_bayou_ford_a, minmay_crystal_water
D:10:     layout_cave_pods, orc_0_dummy, serial_column_ruins, column_ruins_hut,
          column_ruins_grid_5, column_ruins_grid_1,
          column_ruins_corridor_straight, column_ruins_grid_1,
          column_ruins_grid_1, column_ruins_columns_straight, basic_altar,
          grunt_gozag_breadcrumbs
D:11:     layout_small_grid, portal_ice_cave_entry_pillars_1, serial_shops,
          nicolae_shop_behind_doors, basic_altar, tgw_xom
D:12:     minmay_connected_boxes_in_corner, layout_irregular_city, basic_altar
D:13:     hourglass_vault, layout_gridville, lightli_vaults_fourway_checkpoint,
          gauntlet_entry_generic
D:14:     layout_cave_pods, gammafunk_ghost_necromancy, serial_shops,
          nicolae_shop_stone, kennysheep_mini_moat, shop,
          kennysheep_decorative_pillar, wad_floor_pattern_1, uniq_josephine
D:15:     hangedman_depths_entry_civil_slaughter, layout_basic, special_room
          [special_room_mythical_zoo], serial_glass, glass_columns_b,
          glass_columns_a, glass_columns_a, glass_columns_c, glass_columns_a,
          glass_columns_b, glass_columns_a, glass_columns_c, kennysheep_doodads
Temple:   nicolae_temple_the_god_donut
Orc:1:    layout_diamond_mine, special_room [special_room_bee],
          kennysheep_orc_chapel

Skill      XL: |  1  2  3  4  5  6  7  8  9 10 11 12 13 14 |
---------------+-------------------------------------------+-----
Armour         | 1 2 3 4 5 6 8 9 10 | 10.3
Dodging        | 3 4 5 6 7 8 10 11 12 13 | 13.0
Polearms       | 4 5 6 7 9 10 12 14 16 18 19 | 19.0
Shields        | 1 2 3 4 5 |  5.0
Fighting       | 4 5 6 7 8 10 11 | 11.5
Invocations    | 3 4 6 7 8 9 10 11 | 11.2

Action                   |  1- 3 |  4- 6 |  7- 9 | 10-12 | 13-15 || total
-------------------------+-------+-------+-------+-------+-------++-------
Melee: Spear             |   100 |   259 |   794 |       |       ||  1153
       Headbutt          |       |     3 |   121 |    79 |   107 ||   310
       Tailslap          |       |       |    19 |     6 |     2 ||    27
       Trident           |       |       |    12 |    66 |       ||    78
       Bardiche          |       |       |       |   460 |   445 ||   905
Throw: Javelin           |       |       |    18 |    25 |     1 ||    44
Invok: Bend Space        |       |       |       |       |    14 ||    14
       Corrupt           |       |       |       |       |     3 ||     3
Evoke: Wand              |       |       |       |       |    27 ||    27
       Phial of floods   |       |       |       |       |     1 ||     1
  Use: Potion            |     1 |     5 |    10 |     3 |     2 ||    21
       Scroll            |       |       |     6 |     6 |     5 ||    17
 Stab: Sleeping          |     1 |       |    22 |    26 |     8 ||    57
       Distracted        |       |       |       |     2 |     2 ||     4
Armor: Leather armour    |     7 |       |     4 |       |       ||    11
       Scale mail        |       |   119 |    18 |       |       ||   137
       Robe              |       |       |    58 |    98 |   122 ||   278
Dodge: Dodged            |    32 |    76 |   294 |   526 |   600 ||  1528
Block: Kite shield       |     7 |    85 |   276 |    26 |       ||   394

Table legend: (Time is in decaauts)
 A = Elapsed time spent in this place.
 B = Non-inter-level travel time spent in this place.
 C = Inter-level travel time spent in this place.
 D = Time resting spent in this place.
 E = Time spent auto-exploring this place.
 F = Levels seen in this place.
 G = Mean time per level.
                   A        B        C        D        E       F      G
               +--------+--------+--------+--------+--------+-----+--------+
         Total |  23695 |  23381 |    314 |   3609 |  14024 |  22 | 1077.0 |
       Dungeon |  17493 |  17179 |    314 |   1092 |  12377 |  15 | 1166.2 |
        Temple |      1 |      1 |      0 |      0 |      0 |   1 |    1.0 |
  Orcish Mines |      1 |      1 |      0 |      0 |      0 |   1 |    1.0 |
         Abyss |     15 |     15 |      0 |      0 |      2 |   1 |   15.0 |
         Sewer |    332 |    332 |      0 |      0 |    168 |   1 |  332.0 |
        Bailey |   2720 |   2720 |      0 |   1455 |     75 |   1 | 2720.0 |
      Ice Cave |   2216 |   2216 |      0 |    818 |    900 |   1 | 2216.0 |
      Gauntlet |    914 |    914 |      0 |    243 |    501 |   1 |  914.0 |
               +--------+--------+--------+--------+--------+-----+--------+

Top non-repeatable levels by time:
  Bailey: 2720 daAuts
    D:14: 2419 daAuts
   IceCv: 2216 daAuts
     D:3: 1918 daAuts
    D:12: 1728 daAuts
    D:10: 1691 daAuts
     D:9: 1563 daAuts
    D:11: 1364 daAuts
    D:15: 1236 daAuts
     D:4: 1139 daAuts
     D:6: 1066 daAuts
     D:5: 990 daAuts
Gauntlet: 914 daAuts
     D:7: 889 daAuts
     D:2: 673 daAuts
